 Dungeon Crawl Stone Soup version 0.30-a0-1124-g6e8f0f562f (webtiles) character file.

Game seed: 1922294697152922213

35 Darkkill the Shooter (level 3, -8/31 HPs)
             Began as a Minotaur Hunter on Apr 23, 2023.
             Mangled by a gnoll
             ... wielding a +0 flail
              (9 damage)
             ... on level 2 of the Dungeon.
             The game lasted 00:01:39 (1000 turns).

Darkkill the Shooter (Minotaur Hunter)              Turns: 1000, Time: 00:01:40

Health: -8/31      AC:  4    Str: 15    XL:     3   Next: 17%
Magic:  2/2        EV: 12    Int:  6    God:
Gold:   69         SH:  0    Dex: 15    Spells: 2/2 levels left

rFire   . . .        a - +0 shortbow
rCold   . . .        (shield currently unavailable)
rNeg    . . .        c - +1 leather armour
rPois   .            (helmet restricted)
rElec   .            (no cloak)
rCorr   .            (no gloves)
SInv    .            (no boots)
Will    .....        (no amulet)
Stlth   ++           (no ring)
HPRegen 0.25/turn    (no ring)
MPRegen 0.08/turn

%: no passive effects
@: weak-willed
A: horns 2, retaliatory headbutt
a: no special abilities


You were on level 2 of the Dungeon.
You visited 1 branch of the dungeon, and saw 2 of its levels.

You collected 69 gold pieces.

Inventory:

Hand Weapons
 a - a +0 shortbow (weapon)
Missiles
 f - 2 boomerangs
 h - 16 stones
 j - 3 poisoned darts
Armour
 c - a +1 leather armour (worn)
Scrolls
 b - a scroll of immolation
 l - a scroll of identify {unknown}
Potions
 d - a potion of curing {unknown}
 g - a potion of mutation {unknown}
 i - 2 potions of heal wounds {unknown}
 k - a potion of invisibility {unknown}


   Skills:
 + Level 3.0 Fighting
 + Level 4.7 Ranged Weapons
 + Level 2.7 Dodging
 + Level 1.4 Stealth


You had 2 spell levels left.
You didn't know any spells.
Your spell library contained the following spells:

 Spells                   Type           Power      Damage    Failure   Level
 Ozocubu's Armour         Ice            0%         N/A       88%         3
 Ozocubu's Refrigeration  Ice            0%         4d7       100%        7


Dungeon Overview and Level Annotations

Branches:
Dungeon (2/15)

Altars:


Innate Abilities, Weirdness & Mutations

You have a pair of horns on your head.
You reflexively headbutt those who attack you in melee.


Message History

You kill the quokka!
You have reached level 3!
Your experience leads to an increase in your attributes!
Increase (S)trength, (I)ntelligence, or (D)exterity?
You feel agile. x2
Found a stone staircase leading up.
No target in view!
An endoplasm comes into view.
Found a whip.
You shoot an arrow. The arrow hits the endoplasm.
The endoplasm quivers.
The endoplasm is moderately wounded.
An endoplasm is nearby!
You shoot an arrow.
The arrow completely misses the endoplasm.
You shoot an arrow. The arrow barely misses the endoplasm.
An endoplasm is nearby!
You shoot an arrow. The arrow hits the endoplasm.
The endoplasm is heavily wounded.
An endoplasm is nearby!
You shoot an arrow. The arrow barely misses the endoplasm.
An endoplasm is nearby!
You shoot an arrow. The arrow hits the endoplasm!
You kill the endoplasm!
j - 3 poisoned darts No target in view!
l - a scroll labelled ZITZOA HOCOWK No target in view!
You pick up Ozocubu's Autobiography and begin reading...
You add the spells Ozocubu's Armour and Ozocubu's Refrigeration to your library.
Found a stone staircase leading down.
No target in view!
No target in view!
No target in view!
h - 14 stones (gained 7)
A quokka comes into view.
You see here 8 gold pieces.
A quokka is nearby!
You shoot an arrow. The arrow hits the quokka.
The quokka is heavily wounded.
A quokka is nearby!
You shoot an arrow. The arrow hits the quokka.
You kill the quokka!
No target in view!
You now have 69 gold pieces (gained 8).
You see here a +1 whip of electrocution.
As you open the door, it creaks loudly!
A rat comes into view.
You shoot an arrow. The arrow barely misses the rat.
A rat is nearby!
You shoot an arrow. The arrow hits the rat.
You kill the rat!
You open the door.
h - 16 stones (gained 2)
An endoplasm comes into view.
You shoot an arrow. The arrow hits the endoplasm!
You kill the endoplasm!
An endoplasm comes into view.
Found a leather armour.
You shoot an arrow. The arrow hits the endoplasm.
You kill the endoplasm!
i - 2 yellow potions (gained 1)
You open the door.
A gnoll comes into view. It is wielding a +0 flail.
You shoot an arrow. The arrow hits the gnoll.
The gnoll is moderately wounded.
You hear a shout!
You hear an angry hiss.
You hear a shout!
The gnoll barely misses you.
A gnoll comes into view. It is wielding a +0 whip.
A ball python comes into view.
There are monsters nearby!
You shoot an arrow.
The arrow hits the gnoll but does no damage.
The gnoll is moderately wounded.
The gnoll hits you with a +0 flail.
There are monsters nearby!
You shoot an arrow. The arrow hits the gnoll.
The gnoll is severely wounded.
A gnoll comes into view. It is wielding a +0 spear.
There are monsters nearby!
You shoot an arrow. The arrow hits the gnoll.
The gnoll is severely wounded.
The gnoll barely misses you. x2; The gnoll completely misses you.
The gnoll hits you from afar with a +0 spear.
The gnoll barely misses you.
You shoot an arrow. The arrow hits the gnoll.
The gnoll is almost dead.
The gnoll hits you with a +0 whip.
The gnoll hits you from afar with a +0 spear.
The gnoll hits you with a +0 flail!
You are too injured to fight recklessly!
You are too injured to fight recklessly!
You are too injured to fight recklessly!
The gnoll closely misses you.
As you read the scroll labelled WINEOQ FESEWN, it crumbles to dust.
Magic quickly surges around you.
It was a scroll of vulnerability.
The gnoll hits you from afar with a +0 spear!
* * * LOW HITPOINT WARNING * * *
The gnoll hits you with a +0 flail!
You die...

###........#.#.#.#..........
#.......####.# #............
#.......####.# ########...).
#............# #.....
#............# #.....
#..........[.# #.....
#............# ##### ####+#
######......g#......
######@ggS..... #.##......
#.# ..... #.. #### ###


You could see 3 gnolls and a ball python (weak-willed).

Vanquished Creatures
  A ball python (D:2)
  4 endoplasms
  A giant cockroach (D:1)
  4 goblins
  3 hobgoblins
  4 jackals
  3 quokkas
  A bat (D:1)
  A frilled lizard (D:1)
  5 kobolds
  2 rats
29 creatures vanquished.

Notes
Turn   | Place    | Note
-------+----------+-------------------------------------------
     0 | D:1      | Darkkill the Minotaur Hunter began the quest for the Orb.
     0 | D:1      | Reached XP level 1. HP: 18/18 MP: 0/0
   171 | D:1      | Reached skill level 1 in Stealth
   209 | D:1      | Reached XP level 2. HP: 25/25 MP: 1/1
   861 | D:2      | Reached XP level 3. HP: 31/31 MP: 2/2
  1000 | D:2      | HP: 1/31 [gnoll/+0 spear (9)]
  1000 | D:2      | Mangled by a gnoll

Illustrated notes

Levels and vault maps discovered:
D:1:      dpeg_arrival_round_a, layout_loops_ring
D:2:      layout_basic, mrwooster_statue_mirror, cheibrodos_gnoll_hut

Skill      XL: |  1  2 |
---------------+-------+-----
Stealth        | 1 |  1.4
Fighting       | 3 |  3.0
Ranged Weapons | |  4.7
Dodging        | |  2.7

Action                     || total
---------------------------++-------
   Fire: Shortbow          ||    81
    Use: Scroll            ||     3
 Armour: Leather armour    ||     6
  Dodge: Dodged            ||    27

Table legend: (Time is in decaauts)
 A = Elapsed time spent in this place.
 B = Non-inter-level travel time spent in this place.
 C = Inter-level travel time spent in this place.
 D = Time resting spent in this place.
 E = Time spent auto-exploring this place.
 F = Levels seen in this place.
 G = Mean time per level.
                   A        B        C        D        E       F      G
               +--------+--------+--------+--------+--------+-----+--------+
         Total |   1024 |    971 |     53 |      0 |    815 |   2 |  512.0 |
       Dungeon |   1024 |    971 |     53 |      0 |    815 |   2 |  512.0 |
               +--------+--------+--------+--------+--------+-----+--------+

Top non-repeatable levels by time:
     D:1: 725 daAuts
     D:2: 299 daAuts

Table legend:
 A = Kills in this place as a percentage of kills in the entire game.
 B = Kills by you in this place as a percentage of kills by you in the entire game.
 C = Kills by friends in this place as a percentage of kills by friends in the entire game.
 D = Other kills in this place as a percentage of other kills in the entire game.
 E = Experience gained in this place as a percentage of experience gained in the entire game.
 F = Experience gained in this place divided by the number of levels of this place that you have seen.
                   A       B       C       D       E      F
               +-------+-------+-------+-------+-------+----------------------
         Total | 100.0 | 100.0 |   N/A |   N/A | 100.0 |  25.5
       Dungeon | 100.0 | 100.0 |   N/A |   N/A | 100.0 |  25.5
               +-------+-------+-------+-------+-------+----------------------
